Unix NetHack Version 5.0.0-0 post-release - last build May 22 2026 02:22:16 (99d1c3b6dc4b13757aaa5824b55bdea4e1e63757,branch:main).

Game began 2026-05-22 08:59:45, ended 2026-05-22 18:16:11.

ArrBianca, lawful female dwarven Cavewoman

                               ----                                        ----
          ---                  |..--             ---       ------         --..|
         --.--              ----...|           ---.-----   |..|.--      ---...|
       ---...|          ----|.^...-            |.......--- |.....| ---- |....--
       |.....---------  |..--.--..|             -........---.....|--..---.----
        -..B%.*..(...----.....|----         --- |...-...........- |.......|
        ---@--------........--------        |.---.............0----...-----
         |G.|      |.........---.|.--       |.................0.|-..---
   ------|.--      |................| .     |*..................|....|
 ---.|<.--.|       ---..............--..    --%|.|.--................-----
 |.........|         --.....---.......-      -------|..--............)...--
 |..*----..-          --...-- |.......|      --------.--|.................--
 --.--  |...-          ----- --.......----   |..--....| --.................|
  --    |.|..                |...........-- --.......--  --............^..*--
        |.|--                --...........| |.......-- ----........--.......---
        -.-                   |...........|--...-----  |......|....--.........|
         .                    --....*.....--..----------.---.---..............|
         .                     -...........[.............| --- ----..........--
        ..                    |...|.---....---------------        ---.--...---
        .--                   --.---- ---.--                        ---|..--
       --                      ---      ---                            ----
ArrBianca the Aborigine  St:18/02 Dx:13 Co:17 In:7 Wi:11 Ch:9  Lawful
Dlvl:3  $:47 HP:0(56) Pw:10(10) AC:6  Xp:5 T:2942  Burdened

Latest messages:
 That bear trap is difficult to disarm.
 Whoops...
 A bear trap closes on your foot!
 You are caught in a bear trap.
 You are caught in a bear trap.
 You are caught in a bear trap.
 You are caught in a bear trap.
 You are caught in a bear trap.
 You are caught in a bear trap.
 You are caught in a bear trap.
 You finally wriggle free.
 In what direction? .
 Whoops...
 A bear trap closes on your foot!
 You cannot deal with the bear trap while trapped in it!
 You are caught in a bear trap.
 You are caught in a bear trap.
 You are caught in a bear trap.
 You are caught in a bear trap.
 You are caught in a bear trap.
 You are caught in a bear trap.
 You finally wriggle free.
 In what direction? .
 You disarm the bear trap.
 You see here 10 rocks.
 The kobold lord hits!
 You hit the kobold lord!
 The kobold lord hits!
 Your legs feel better.
 You kill the kobold lord!
 You see here a kobold lord corpse.
 There is a kobold lord corpse here; eat it? [ynq] (n) y
 Ecch - that must have been poisonous!
 You stop eating the kobold lord corpse.
 The giant bat bites!
 The giant bat misses!
 The giant bat bites!
 You miss the giant bat.
 The giant bat bites!
 The giant bat bites!
 The giant bat bites!
 The giant bat bites!
 You miss the giant bat.
 The giant bat bites!
 The giant bat bites!
 You hit the giant bat!
 The giant bat bites!
 The giant bat bites!
 You die...
 Do you want your possessions identified? [ynq] (y) q

Inventory:
 Coins    ('$')
  $ - 47 gold pieces
 Weapons  (')')
  b - a +2 sling
  q - a +0 orcish dagger (alternate weapon; not wielded)
  a - a +2 club (weapon in right hand)
 Armor    ('[')
  p - an uncursed +1 orcish helm (being worn)
  B - an uncursed +0 orcish helm
  K - a blessed +1 pair of water walking boots
  e - an uncursed +0 leather armor (being worn)
 Comestibles  ('%')
  G - a cursed head of romanesco
  r - 5 uncursed food rations
  I - a cursed fortune cookie
  h - 2 uncursed lembas wafers
  H - an uncursed tin of french fried gnome meat
  g - an uncursed lichen corpse
 Scrolls  ('?')
  u - an uncursed scroll of blank paper
  i - an uncursed scroll of identify
 Potions  ('!')
  D - an uncursed potion of hallucination
  F - an uncursed potion of healing
  n - 2 uncursed potions of oil
  o - 2 uncursed potions of water
 Wands    ('/')
  v - a wand of digging (0:5)
  t - a wand of digging (0:3)
  m - a wand of stasis (0:5)
  A - a wand of undead turning (0:8)
 Tools    ('(')
  J - a cursed blindfold
  k - an uncursed lock pick
  x - an uncursed tin whistle
 Gems/Stones  ('*')
  j - an uncursed worthless piece of orange glass
  l - a cursed worthless piece of red glass
  C - an uncursed worthless piece of yellow glass
  c - 20 uncursed flint stones (in quiver pouch)
  d - 22 uncursed rocks

ArrBianca the Cavewoman's attributes:

Background:
 You were an Aborigine, a level 5 dwarven Cavewoman.
 You were lawful, nominally on a mission for Anu
 who was opposed by Ishtar (neutral) and Anshar (chaotic).
 You were right-handed.
 You were in the Gnomish Mines, on level 3.
 You entered the dungeon 2942 turns ago.
 You had 184 experience points, 136 more were needed to attain level 6.

Basics:
 You had 0 out of 56 hit points.
 You had all 10 energy points (spell power).
 Your armor class was 6.
 Your wallet contained 47 zorkmids.
 Autopickup was on for '$?!/="+%' plus thrown, with exceptions.

Final Characteristics:
 Your strength was 18/02 (peak:18/04, limit:18/100).
 Your dexterity was 13 (limit:20).
 Your constitution was 17 (limit:20).
 Your intelligence was 7 (limit:16).
 Your wisdom was 11 (limit:16).
 Your charisma was 9 (limit:16).

Final Status:
 You weren't hungry.
 You were burdened; movement was slightly slowed.
 You were wielding a club.
 You had basic skill with club.

Final Attributes:
 You were piously aligned.
 You had infravision.
 You were warded.
 You are dead.

Miscellaneous:
 You didn't encounter any bones levels.
 Total elapsed playing time was 22 minutes and 55 seconds.

Major events:
 Turn
    1: ArrBianca the lawful dwarven Cavewoman entered the dungeon
 1088: attained the rank of Aborigine (level 3)
 2513: entered the Gnomish Mines
 2942: killed by a giant bat

You didn't know any spells.

Skills:
 Fighting Skills
   bare handed combat [Basic]
 Weapon Skills
   dagger             [Unskilled]
   knife              [Unskilled]
   axe                [Unskilled]
   pick-axe           [Unskilled]
   club               [Basic]
   mace               [Unskilled]
   morning star       [Unskilled]
   flail              [Unskilled]
   hammer             [Unskilled]
   quarterstaff       [Unskilled]
   polearms           [Unskilled]
   spear              [Unskilled]
   trident            [Unskilled]
   bow                [Unskilled]
   sling              [Basic]
   boomerang          [Unskilled]
   unicorn horn       [Unskilled]
 Spellcasting Skills
   attack spells      [Unskilled]
   matter spells      [Unskilled]

Voluntary challenges:
 Character rerolling was not enabled.
 You were an atheist.
 You never had a pet.
 You never genocided any monsters.
 You never polymorphed an object.
 You never changed form.
 You used no wishes.
Achievements:
 You entered a shop.
 You attained the rank of Aborigine.
 You entered the Gnomish Mines.

 The Dungeons of Doom: levels 1 to 5
    Level 1:
       A sink, a grave.
    Level 2:
       Stairs down to The Gnomish Mines.
    Level 3:
       A general store, a sink.
    Level 4:
       A general store.
    Level 5:
       Many fountains.
       Oracle of Delphi.
 The Gnomish Mines:
    Level 3: <- You were here.
       Final resting place for
          you, killed by a giant bat.


Vanquished creatures:
  a rock mole
  a shrieker
  a straw golem
  a little dog
  a homunculus
  2 kobold leaders
  a giant bat
  a wererat
 an iguana
 an acid blob
  3 coyotes
  a giant rat
  a cave spider
  a brown mold
  a green mold
  a gnome
  a gnome zombie
  4 geckos
  9 jackals
  a fox
  a kobold
  3 goblins
  3 grid bugs
  3 lichens
  a kobold zombie
  6 newts
51 creatures vanquished.

No species were genocided or became extinct.

Game over:
                       ----------
                      /          \
                     /    REST    \
                    /      IN      \
                   /     PEACE      \
                  /                  \
                  |    ArrBianca     |
                  |      47 Au       |
                  |   killed by a    |
                  |    giant bat     |
                  |                  |
                  |                  |
                  |       2026       |
                 *|     *  *  *      | *
        _________)/\\_//(\/(/\)/\//\/|_)_______

Goodbye ArrBianca the Cavewoman...

You died in The Gnomish Mines on dungeon level 3 with 999 points,
and 47 pieces of gold, after 2942 moves.
You were level 5 with a maximum of 56 hit points when you died.

